 Dungeon Crawl Stone Soup version 0.20-a0-1089-g3fde505 (webtiles) character file.

4874 Duffy the Chopper (level 10, 94/94 HPs)
             Began as a Naga Wanderer on May 2, 2017.
             Quit the game on level 8 of the Dungeon.
             The game lasted 00:13:56 (10881 turns).

Duffy the Chopper (Naga Wanderer)                  Turns: 10881, Time: 00:13:57

Health: 94/94      AC: 23    Str: 16    XL:     10   Next: 50%
Magic:  10/10      EV:  6    Int: 15    God:
Gold:   150        SH:  5    Dex: 13    Spells: 9/9 levels left

rFire    + + .     SeeInvis +   H - +10 hand axe of War {protect, rPois rF+}
rCold    . . .     Gourm    .   I - +0 buckler
rNeg     + . .     Faith    +   v - +2 ring mail {rN+}
rPois    +         Spirit   .   (no helmet)
rElec    +         Reflect  .   g - +0 cloak
rCorr    .         Harm     .   (no gloves)
MR       +....                  D - +4 naga barding {rC+}
Stlth    ++........             E - amulet "Kuig" {Faith rElec rC- SInv}
Regen    0.3/turn               x - +3 ring of protection
MPRegen  0.2/turn               i - +3 ring of dexterity

@: very slow
A: see invisible, deformed body, fire resistance 1, mutation resistance 1,
poison resistance, slowness 2, slow metabolism 1, spit poison 1, AC +3
a: Spit Poison


You were on level 8 of the Dungeon.
You were full.

You visited 2 branches of the dungeon, and saw 9 of its levels.

You collected 384 gold pieces.
You spent 234 gold pieces at shops.

Inventory:

Hand Weapons
 a - a +3 short sword
 d - a +0 dagger
 s - a +1 flail of protection
 y - a +0 war axe
 B - a +2 quarterstaff of chaos
 C - the +5 dire flail of Doom {drain, rElec rF+ rN++ Dex+3}
   (You bought it in a shop on level 4 of the Dungeon)

   A truly terrible weapon, it drains the life of those it strikes.
   It affects your dexterity (+3).
   It protects you from fire.
   It insulates you from electricity.
   It greatly protects you from negative energy.
 H - the +10 hand axe of War (weapon) {protect, rPois rF+}
   (You found it on level 6 of the Dungeon)

   It protects the one who uses it against injury (+AC on strike).
   It protects you from fire.
   It protects you from poison.
Missiles
 O - a throwing net (quivered)
Armour
 c - a +0 ring mail
 g - a +0 cloak (worn)
 l - a +0 scale mail
 u - a +0 naga barding
 v - a +2 ring mail of positive energy (worn)
 D - a +4 naga barding of cold resistance (worn)
 I - a +0 buckler (worn)
Jewellery
 i - a +3 ring of dexterity (right hand)
 x - a +3 ring of protection (left hand)
 E - the amulet "Kuig" (around neck) {Faith rElec rC- SInv}
   (You found it on level 6 of the Dungeon)

   [amulet of faith]

   It allows you to gain divine favour quickly.
   It makes you vulnerable to cold.
   It insulates you from electricity.
   It lets you see invisible.
 K - an uncursed amulet of rage
Wands
 t - a wand of confusion (0/48)
 A - a wand of flame (1/48)
 F - a wand of polymorph (11/24)
 G - a wand of disintegration (9/24)
Scrolls
 b - 7 scrolls of teleportation
 h - 4 scrolls of identify
 j - 2 scrolls of fear
 k - 2 scrolls of immolation
 p - a scroll of fog
 J - a scroll of enchant armour
Potions
 e - 4 potions of heal wounds
 o - 2 potions of curing
 z - a potion of haste
Comestibles
 f - 3 bread rations
 m - 4 meat rations
 q - 4 royal jellies


   Skills:
 - Level 7.0 Fighting
 - Level 2.0 Short Blades
 + Level 7.8 Axes
 + Level 7.7 Armour
 - Level 1.0 Dodging
 - Level 5.8 Stealth
 - Level 5.0 Shields


You had 9 spell levels left.
You didn't know any spells.

Dungeon Overview and Level Annotations

Branches:
Dungeon (8/15)             Temple (1/1) D:7
   Lair: D:8-11

Altars:
Ashenzari
Cheibriados
Dithmenos
Elyvilon
Fedhas
Gozag
Hepliaklqana
Kikubaaqudgha
Makhleb
Nemelex Xobeh
Okawaru
Qazlal
Ru
Sif Muna
Trog
Uskayaw
Wu Jian
Xom
Yredelemnul
Zin
The Shining One

Shops:
D:4 *(   D:6 }


Innate Abilities, Weirdness & Mutations

You cannot wear boots.
Your serpentine skin is tough. (AC +3)
You have supernaturally acute eyesight. (SInv)
Armour fits poorly on your strangely shaped body.
Your system is resistant to poisons. (rPois)
You cover ground very slowly.
You have a slow metabolism.
You can spit poison.
Your flesh is heat resistant. (rF+)
You are somewhat resistant to further mutation.


Message History

You eat one of the 4 bread rations.
That bread ration really hit the spot!
As you read the scroll of remove curse, it crumbles to dust.
You feel as if something is helping you.
Drop what? 36/52 slots (_ for help) (? for menu, Esc to quit)
You remove your ring of teleportation.
You drop an uncursed ring of teleportation.
Put on which piece of jewellery? (? for menu, Esc to quit)
You feel agile.
i - a +3 ring of dexterity (right hand)
Okay, then.
Quiver which item? (- for none, * to show all) (? for menu, Esc to quit)
That's the wrong kind of item! (Use * to select it.) Quiver which item? (- for none, * to show all) (? for menu, Esc to quit)
That's the wrong kind of item! (Use * to select it.) Quiver which item? (- for none, * to show all) (? for menu, Esc to quit)
That's the wrong kind of item! (Use * to select it.) Quiver which item? (- for none, * to show all) (? for menu, Esc to quit)
Okay, then.
Unknown command.
Are you sure you want to abandon this character and quit the game? (Confirm with "yes".)

#####
....###############
....#...........@.#
#.#.#.#####..####.#
.........##..####.##
>.#.#.##...........#
....#.#####..##.#..#
......#####..##.#..#
...................#
.).).....###.......#
#........# ####.####


There were no monsters in sight!

Vanquished Creatures
  A two-headed ogre (D:8)
  The ghost of Voxish the Slicer, a novice KoAs of Dithmenos (D:8)
  A cyclops (D:8)
  Joseph (D:7)
  A hungry ghost (D:7)
  Edmund (D:5)
  Duvessa (D:4)
  2 ice beasts (D:5)
  4 centaurs
  A necrophage (D:7)
  2 ogres
  Blork the orc (D:4)
  Dowan (D:4)
  3 bullfrogs
  A scorpion (D:8)
  6 killer bees (D:8)
  5 wights (D:8)
  A howler monkey (D:8)
  2 crimson imps
  A jelly (D:5)
  8 orc wizards
  3 orc priests
  A centaur skeleton (D:4)
  4 hounds
  Crazy Yiuf (D:5)
  Ijyb (D:3)
  4 iguanas
  6 worker ants
  2 hound zombies
  A hound skeleton (D:6)
  A worker ant zombie (D:5)
  10 adders
  3 gnolls (D:7)
  2 shadow imps
  3 oozes
  2 worms
  3 dart slugs
  2 leopard geckos (D:1)
  16 orcs
  7 bats
  A giant cockroach (D:1)
  8 goblins
  8 hobgoblins
  8 jackals (D:2)
  7 kobolds
  A quokka (D:4)
  A ball python (D:2)
  5 frilled lizards
  6 rats
162 creatures vanquished.

Notes
Turn   | Place    | Note
-------+----------+-------------------------------------------
     0 | D:1      | Duffy the Naga Wanderer began the quest for the Orb.
     0 | D:1      | Duffy set off with: a +2 short sword, a scroll of teleportation, a +0 ring mail, a +0 dagger, a bread ration
     0 | D:1      | Reached XP level 1. HP: 18/18 MP: 1/1
   348 | D:1      | Reached XP level 2. HP: 26/26 MP: 2/2
   809 | D:1      | Reached XP level 3. HP: 32/33 MP: 3/3
  1382 | D:2      | Found an iron altar of Okawaru.
  1516 | D:2      | Reached XP level 4. HP: 39/44 MP: 4/4
  1772 | D:2      | Found a white marble altar of Elyvilon.
  2335 | D:3      | Noticed Ijyb
  2382 | D:3      | Killed Ijyb
  2382 | D:3      | Reached XP level 5. HP: 36/51 MP: 5/5
  2526 | D:3      | Gained mutation: You are weak. (Str -2) [potion of mutation]
  2526 | D:3      | Gained mutation: You are very weak. (Str -4) [potion of mutation]
  2526 | D:3      | Gained mutation: Your flesh is heat resistant. (rF+) [potion of mutation]
  2527 | D:3      | Lost mutation: Your flesh is heat resistant. (rF+) [potion of mutation]
  2527 | D:3      | Lost mutation: You are very weak. (Str -4) [potion of mutation]
  2527 | D:3      | Lost mutation: You are weak. (Str -2) [potion of mutation]
  2527 | D:3      | Gained mutation: You have very sharp teeth. [potion of mutation]
  2527 | D:3      | Gained mutation: You are surrounded by a mild repulsion field. (EV +2) [potion of mutation]
  3221 | D:4      | Found Zoaz's Antique Weapon Emporium.
  3272 | D:4      | Reached skill level 5 in Fighting
  3442 | D:4      | Lost mutation: You have very sharp teeth. [potion of mutation]
  3442 | D:4      | Lost mutation: You are surrounded by a mild repulsion field. (EV +2) [potion of mutation]
  3442 | D:4      | Gained mutation: Your magical capacity is low. (-10% MP) [potion of mutation]
  3442 | D:4      | Gained mutation: You have a pair of small horns on your head. [potion of mutation]
  3443 | D:4      | Lost mutation: Your magical capacity is low. (-10% MP) [potion of mutation]
  3443 | D:4      | Lost mutation: You have a pair of small horns on your head. [potion of mutation]
  3443 | D:4      | Gained mutation: You are somewhat resistant to further mutation. [potion of mutation]
  3443 | D:4      | Gained mutation: Your flesh is heat resistant. (rF+) [potion of mutation]
  3934 | D:4      | Reached XP level 6. HP: 28/62 MP: 6/6
  4199 | D:4      | Found Nytwurar's Needful Niceties.
  4509 | D:4      | Noticed Duvessa
  4509 | D:4      | Noticed Dowan
  4532 | D:5      | Entered Level 5 of the Dungeon
  4538 | D:5      | Noticed Edmund
  4602 | D:5      | Killed Edmund
  4788 | D:5      | Reached XP level 7. HP: 71/72 MP: 7/7
  5623 | D:5      | Reached XP level 8. HP: 43/80 MP: 8/8
  5655 | D:5      | Reached skill level 5 in Armour
  6144 | D:5      | Found a shadowy altar of Dithmenos.
  6254 | D:5      | Found a runed door.
  6258 | D:5      | Noticed Crazy Yiuf
  6263 | D:5      | Killed Crazy Yiuf
  6327 | D:5      | Noticed Blork the orc
  6555 | D:4      | Killed Blork the orc
  6981 | D:6      | Got a scintillating steel amulet
  6989 | D:6      | Identified the amulet "Kuig" {Faith rElec rC- SInv} (You found it on level 6 of the Dungeon)
  7055 | D:6      | Found Xahek's Gadget Shoppe.
  7188 | D:4      | Bought an encrusted dire flail for 234 gold pieces
  7188 | D:4      | Identified the +5 dire flail of Doom {drain, rElec rF+ rN++ Dex+3} (You bought it in a shop on level 4 of the Dungeon)
  7242 | D:6      | Got a polished hand axe
  7243 | D:6      | Identified the +10 hand axe of War {protect, rPois rF+} (You found it on level 6 of the Dungeon)
  7280 | D:6      | Found a shadowy altar of Dithmenos.
  7439 | D:6      | Reached skill level 1 in Axes
  7439 | D:6      | Reached skill level 1 in Shields
  7745 | D:7      | Found a staircase to the Ecumenical Temple.
  7753 | D:7      | Noticed Joseph
  7759 | Temple   | Entered the Ecumenical Temple
  8036 | D:7      | Killed Joseph
  8036 | D:7      | Reached XP level 9. HP: 44/86 MP: 9/9
  8698 | D:4      | Killed Duvessa
  8706 | D:4      | Killed Dowan
  9028 | D:8      | Reached skill level 5 in Axes
  9162 | D:8      | Reached skill level 5 in Shields
  9386 | D:8      | Noticed a cyclops
  9386 | D:8      | Noticed a two-headed ogre
  9403 | D:8      | Killed a two-headed ogre
  9403 | D:8      | Reached XP level 10. HP: 42/94 MP: 10/10
  9403 | D:8      | Killed a cyclops
  9851 | D:8      | Noticed Voxish's ghost (novice KoAs)
  9881 | D:8      | Killed Voxish's ghost
 10808 | D:8      | Found an ornate altar of the Wu Jian Council.
 10881 | D:8      | Quit the game

Vault maps used:
D:1:      zaba_arrival_water, kennysheep_pointless_box
D:2:      overflow_temple_1_default, okawaru_gym_becter
D:3:      small_statue_intersection, hangedman_decor_riveting,
          kennysheep_another_room, glass_columns_a, uniq_ijyb
D:4:      serial_shops, nicolae_shop_window_shopping, nicolae_alphabet_shops,
          uniq_duvessa
D:5:      first_bread, grunt_dithmenos_smoke_and_mirrors, uniq_blork_the_orc,
          uniq_crazy_yiuf_cottage, uniq_edmund
D:6:      basic_altar, serial_shops, kennysheep_mini_moat
D:7:      minmay_temple_entry_statues_fountains, uniq_joseph
D:8:      lemuel_crystal_altar, grunt_ogre_cave, grunt_decor_one_mirror
Temple:   dpeg_five_rooms_temple

Skill      XL: |  1  2  3  4  5  6  7  8  9 10 |
---------------+-------------------------------+-----
Fighting       | 2 3 4 5 7 |  7.0
Armour         | 4 6 7 |  7.7
Axes           | 3 6 7 |  7.8
Shields        | 2 5 |  5.0
Short Blades   | |  2.0
Dodging        | |  1.0
Stealth        | |  5.8

Action                   |  1- 3 |  4- 6 |  7- 9 | 10-12 || total
-------------------------+-------+-------+-------+-------++-------
Melee: Short sword       |    87 |   273 |       |       ||   360
       Bite              |       |     2 |       |       ||     2
       Flail             |       |    13 |   212 |       ||   225
       Hand axe          |       |       |   152 |    68 ||   220
 Abil: Spit Poison       |       |     9 |    21 |       ||    30
Evoke: Wand              |       |     8 |     3 |       ||    11
  Use: Scroll            |       |    11 |     2 |     8 ||    21
       Potion            |       |     5 |     8 |       ||    13
 Stab: Sleeping          |     8 |     4 |     2 |       ||    14
       Distracted        |     1 |       |       |       ||     1
       Confused          |       |     1 |       |       ||     1
       Invisible         |       |       |     2 |     2 ||     4
  Eat: Chunk             |     1 |     8 |     6 |     1 ||    16
       Bread ration      |       |     1 |     2 |     1 ||     4
Armor: Ring mail         |    11 |    10 |   351 |    35 ||   407
       Scale mail        |    23 |   134 |       |       ||   157
       Skin              |       |       |     7 |     1 ||     8
Dodge: Dodged            |    26 |    83 |   138 |    10 ||   257
Block: Buckler           |       |       |    39 |    13 ||    52
